 Dungeon Crawl Stone Soup version 0.23.1-44-gbd83930989 (webtiles) character file.

Game seed: 5152935036831477159

148760 Norn the Warrior (level 16, -18/178 HPs)
             Began as a White Draconian Transmuter on Mar 30, 2019.
             Was the Champion of Okawaru.
             Shot with a bolt by a naga sharpshooter (25 damage)
             ... on level 3 of the Snake Pit on Mar 31, 2019.
             The game lasted 02:17:26 (58252 turns).

Norn the Warrior (White Draconian Transmuter)      Turns: 58252, Time: 02:17:26

Health: -18/178    AC:  8    Str: 10    XL:     16   Next: 95%
Magic:  22/30      EV: 20    Int: 20    God:    Okawaru [******]
Gold:   594        SH:  0    Dex: 12    Spells: 10/35 levels left

rFire    + + .     SeeInvis .     - Unarmed
rCold    + + +     Gourm    .   (shield currently unavailable)
rNeg     . . .     Faith    +   (armour unavailable)
rPois    +         Spirit   .   (helmet currently unavailable)
rElec    .         Reflect  .   (cloak currently unavailable)
rCorr    .         Harm     .   (gloves currently unavailable)
MR       ++...                  (boots currently unavailable)
Stlth    ++........             q - amulet of faith {!P}
HPRegen  0.39/turn              l - ring of protection from magic
MPRegen  0.22/turn              D - ring of Curiosity {rF+++ rC++ EV+3 Str-3 Stlth+}

@: ice-form
A: large, (breathe frost), unfitting armour, AC +9
a: End Transformation, Heroism, Finesse, Renounce Religion


You were on level 3 of the Snake Pit.
You worshipped Okawaru.
Okawaru was exalted by your worship.
You were not hungry.
You were a creature of crystalline ice.
You visited 5 branches of the dungeon, and saw 27 of its levels.
You also visited: Ossuary and Ice Cave.

You collected 2739 gold pieces.
You spent 2145 gold pieces at shops.

Inventory:

Hand Weapons
 G - a +1 blowgun
   (You took it off a kobold on level 8 of the Dungeon)
Missiles
 a - 497 arrows
 f - 122 poisoned needles
 C - 2 throwing nets (quivered) {!f}
 O - 6 curare-tipped needles {!f}
Armour
 o - the +0 hat "Ixasel" {+Fly rF++ Regen+ Slay+2}
   (Okawaru gifted it to you on level 1 of the Snake Pit)

   It affects your accuracy and damage with ranged weapons and melee attacks
   (+2).
   It greatly protects you from fire.
   It lets you fly.
   It increases your rate of regeneration.
 u - a +2 pair of gloves of strength (melded)
   (Okawaru gifted it to you on level 14 of the Dungeon)
 L - a +1 cloak (melded)
   (You found it on level 10 of the Dungeon)
 Y - the +0 pair of gloves "Wyotuicw" {*Drain rN+ Regen+}
   (Okawaru gifted it to you on level 1 of the Orcish Mines)

   It protects you from negative energy.
   It increases your rate of regeneration.
   It causes draining when unequipped.
 Z - a +2 hat of see invisible (melded)
   (Okawaru gifted it to you on level 6 of the Lair of Beasts)
Magical Staves
 X - an uncursed staff of summoning
   (You found it on level 6 of the Lair of Beasts)
Jewellery
 i - an uncursed ring of protection from fire
   (You found it on level 1 of the Lair of Beasts)
 l - a ring of protection from magic (left front paw)
   (You bought it in a shop on level 1 of the Snake Pit)
 q - an amulet of faith (around neck) {!P}
   (You found it on level 5 of the Dungeon)
 s - an uncursed ring of positive energy
   (You found it on level 5 of the Dungeon)
 D - the ring of Curiosity (right front paw) {rF+++ rC++ EV+3 Str-3 Stlth+}
   (You found it in an ice cave)

   [ring of evasion]

   It affects your evasion (+3).
   It affects your strength (-3).
   It renders you almost immune to fire.
   It greatly protects you from cold.
   It makes you more stealthy.
 J - a +3 amulet of reflection
   (You found it on level 10 of the Dungeon)
 V - a +6 ring of slaying
   (You found it on level 5 of the Lair of Beasts)
 W - a +2 ring of protection
   (You found it on level 3 of the Lair of Beasts)
Wands
 c - a wand of disintegration (16)
   (You found it on level 4 of the Lair of Beasts)
 d - a wand of iceblast (17)
   (You found it on level 15 of the Dungeon)
 t - a wand of flame (34)
   (You found it on level 5 of the Lair of Beasts)
 v - a wand of digging (21)
   (You found it on level 8 of the Dungeon)
 x - a wand of acid (28)
   (You found it on level 14 of the Dungeon)
 S - a wand of polymorph (28)
   (You found it on level 3 of the Lair of Beasts)
Scrolls
 b - 7 scrolls of teleportation {@r4}
 h - 10 scrolls of remove curse {@r2}
 j - 7 scrolls of immolation {!r}
 k - 5 scrolls of magic mapping
 n - a scroll of enchant armour
 p - 4 scrolls of amnesia
 y - 2 scrolls of fear
 A - 3 scrolls of fog
 B - a scroll of vulnerability {!r}
 N - a scroll of noise {!r}
 Q - 3 scrolls of enchant weapon
 U - 2 scrolls of brand weapon
Potions
 g - 3 potions of cancellation
 m - 7 potions of invisibility
 r - 3 potions of lignification {!q}
 w - 4 potions of might
 z - 5 potions of curing {@q1}
 F - 3 potions of brilliance
 H - 2 potions of berserk rage
 I - 3 potions of magic
 K - 7 potions of flight
 P - 6 potions of ambrosia
 R - 6 potions of agility
Miscellaneous
 T - a phantom mirror
Comestibles
 e - 20 rations {!d}
 E - 5 chunks of flesh


   Skills:
 - Level 15.0 Fighting
 + Level 13.7 Dodging
 - Level 15.0 Unarmed Combat
 - Level 10.0 Spellcasting
 * Level 4.8 Charms
 - Level 5.0 Translocations
 - Level 10.1 Transmutations
 - Level 7.0 Ice Magic
 - Level 7.0 Invocations


You had 10 spell levels left.
You knew the following spells:

 Your Spells              Type           Power        Failure   Level  Hunger
a - Blade Hands           Tmut           ######....   3%          5    ####...
b - Ozocubu's Armour      Chrm/Ice       ####....     1%          3    None
c - Ice Form              Ice/Tmut       #####...     1%          4    ##.....
d - Blink                 Tloc           N/A          1%          2    None
e - Apportation           Tloc           ####..       1%          1    None
f - Regeneration          Chrm/Necr      ###.......   8%          3    None
s - Sticks to Snakes      Tmut           ######..     1%          2    None
w - Song of Slaying       Chrm           ####....     1%          2    None
x - Spider Form           Tmut/Pois      ####......   2%          3    None

Your spell library contained the following spells:

 Spells                   Type           Power        Failure   Level  Hunger
 Beastly Appendage        Tmut           ######       1%          1    None
 Infusion                 Chrm           ####         1%          1    None
 Shroud of Golubria       Chrm/Tloc      ####......   1%          2    None
 Swiftness                Chrm/Air       ###.....     4%          2    None
 Animate Skeleton         Necr           N/A          7%          1    None
 Confusing Touch          Hex            ##....       7%          1    None
 Magic Dart               Conj           ##..         7%          1    None
 Shock                    Conj/Air       ##..         7%          1    None
 Summon Butterflies       Summ           ##......     7%          1    None
 Summon Small Mammal      Summ           ##..         7%          1    None
 Spectral Weapon          Hex/Chrm       ###.....     8%          3    None
 Call Imp                 Summ           ##......     11%         2    None
 Searing Ray              Conj           ##....       11%         2    None
 Slow                     Hex            ##......     11%         2    None
 Summon Ice Beast         Ice/Summ       ###.....     16%         4    ##.....
 Call Canine Familiar     Summ           ##......     21%         3    None
 Conjure Flame            Conj/Fire      ##......     21%         3    None
 Dazzling Spray           Conj/Hex       ##....       21%         3    None
 Mephitic Cloud           Conj/Pois/Air  ##......     21%         3    None
 Static Discharge         Conj/Air       ##......     21%         3    None
 Force Lance              Conj/Tloc      ###.....     24%         4    ##.....
 Airstrike                Air            ##........   56%         4    ##.....
 Fulminant Prism          Conj/Hex       ##........   56%         4    ##.....
 Iskenderun's Mystic Bla  Conj           ##......     56%         4    ##.....
 Lightning Bolt           Conj/Air       ##........   88%         5    ####...
 Summon Mana Viper        Hex/Summ       ##......     88%         5    ####...
 Conjure Ball Lightning   Conj/Air       ##........   100%        6    ######.
 Summon Hydra             Summ           ##........   100%        7    #######


Dungeon Overview and Level Annotations

Branches:
Dungeon (15/15)            Temple (1/1) D:7            Lair (6/6) D:9
 Shoals (0/4) Lair:3        Snake (3/4) Lair:2        Slime (0/5) Lair:6
    Orc (2/2) D:10            Elf (0/3) Orc:2        Vaults (0/5) D:14
 Depths (0/5) D:15

Altars:
Ashenzari
Cheibriados
Dithmenos
Elyvilon
Fedhas
Gozag
Hepliaklqana
Kikubaaqudgha
Makhleb
Nemelex Xobeh
Okawaru
Qazlal
Ru
Sif Muna
Trog
Uskayaw
Vehumet
Wu Jian
Xom
Yredelemnul
Zin
The Shining One
Beogh

Shops:
D:9 (   Orc:2 [}%%   Snake:1 =(:}

Annotations:
Lair:6 exclusion: 3 oklob plants
Snake:3 Vashnia
Orc:2 2 runed translucent doors, exclusion: orange crystal statue


Innate Abilities, Weirdness & Mutations

((You can breathe waves of freezing cold.))
((You can buffet flying creatures when you breathe cold.))
((Your icy white scales are hard. (AC +9)))
You cannot fit into any form of body armour.
((Your flesh is cold resistant. (rC+)))
((You are cold-blooded and may be slowed by cold attacks.))


Message History

The naga sharpshooter gestures wildly while chanting.
The naga sharpshooter magically shoots a bolt.
The bolt hits you!!
* * * LOW HITPOINT WARNING * * *
You shred the naga warrior!!!
You kill the naga warrior!
Okawaru accepts your kill.
The naga sharpshooter shoots a bolt.
The bolt hits you!
* * * LOW HITPOINT WARNING * * *
Things that are here:
a bolt; a +0 glaive; a naga corpse You hit the naga sharpshooter.
You tail-slap the naga sharpshooter.
Your hands revert to their normal proportions.
Your +2 pair of gloves of strength unmelds from your body.
You feel stronger.
The naga sharpshooter casts a spell.
The naga sharpshooter magically shoots a bolt.
The bolt hits you but does no damage.
You hit the naga sharpshooter but do no damage.
The naga sharpshooter shoots a bolt.
The bolt completely misses you.
Your hands turn into razor-sharp scythe blades.
Your +2 pair of gloves of strength melds into your body.
You feel weaker.
You shred the naga sharpshooter!!!
The naga sharpshooter gestures wildly while chanting.
The naga sharpshooter magically shoots a bolt.
The bolt hits you!
* * * LOW HITPOINT WARNING * * *
Your hands revert to their normal proportions.
Your +2 pair of gloves of strength unmelds from your body.
You feel stronger.
You turn into a creature of crystalline ice.
Your +1 cloak melds into your body.
Your +2 hat of see invisible melds into your body.
Your +2 pair of gloves of strength melds into your body.
You feel less perceptive.
You feel weaker.
The naga sharpshooter spits poison at you.
The splash of poison misses you.
You punch the naga sharpshooter! You freeze the naga sharpshooter.
The naga sharpshooter gestures wildly while chanting.
The naga sharpshooter magically shoots a bolt.
The bolt hits you!!
* * * LOW HITPOINT WARNING * * *
You feel better.
The naga sharpshooter shoots a bolt.
The bolt hits you!
* * * LOW HITPOINT WARNING * * *
You completely miss the naga sharpshooter.
You hit the naga sharpshooter but do no damage.
The naga sharpshooter shoots a bolt.
The bolt hits you!!
You die...

*******,* *,*,......#*,**,,***,*,
*,,,,,,,* *,*,N...<..*,**,,,,,,*,
*,,,,,,,* *,*......#.#,**,,,*,,,.
#.......# *,#.....?#..,**,,,*,###
#.....>.# *,#......##..**,,,#,,..
+.......# *,*,,,,,,**,,**,,,,.,#.
#.......# *,*,,,,,,***,**,.###.#.
#.......# #.##########>**,.....#.
#.......# #....NY(..(#,**,,,#....
#......#############.#,**,,,#...N
#......'......# #.#,**,,,#....
#......######.# #.#,***.......
.......# #.# #.#,***#...###
######## #.# #.#,,,,...,,,, #.#
#.#****#****** #.# #.# #.######.#


You could see a naga sharpshooter.

Vanquished Creatures
  Jorgrun (D:14)
  Rupert (Orc:2)
  A nagaraja (Snake:2)
  A frost giant (IceCv)
  A dire elephant (Lair:6)
  Snorg (Lair:3)
  An ogre mage (D:14)
  The ghost of Norn the Fighter, a journeyman DrTm of Okawaru (Lair:2)
  A rakshasa (D:15)
  5 hydras
  5 naga warriors
  2 catoblepae
  8 vault guards (D:14)
  4 anacondas
  14 two-headed ogres
  5 centaur warriors
  8 death yaks
  A deep troll shaman (Lair:6)
  5 orc high priests (Orc:2)
  Urug (Lair:4)
  4 naga sharpshooters
  3 shock serpents
  Nergalle (Lair:1)
  A shadow wraith (D:14)
  Sonja (Lair:1)
  3 unseen horrors
  8 slime creatures (D:15)
  A salamander mystic (Snake:2)
  A swamp dragon (shapeshifter) (D:15)
  A wizard (D:14)
  6 naga ritualists
  A glowing orange brain (D:15)
  A deep elf archer (D:14)
  4 orc knights
  3 deep elf magi
  5 ugly things
  An orc sorcerer (Orc:1)
  12 mana vipers
  An orb spider (shapeshifter) (D:15)
  An oklob plant (Lair:6)
  3 salamanders
  3 manticores
  30 black mambas
  7 elephants
  2 cyclopes (D:14)
  An ice statue (IceCv)
  A torpor snail (Lair:6)
  A merfolk siren (Lair:3)
  3 gargoyles
  2 naga magi
  A torpor snail (shapeshifter) (D:15)
  12 spiny frogs
  A yaktaur (D:15)
  3 tengu conjurers (D:14)
  A rime drake (IceCv)
  7 komodo dragons
  A hornet (D:9)
  3 meliai (D:14)
  10 trolls
  17 polar bears
  A wolf spider simulacrum (D:14)
  19 blink frogs
  14 hippogriffs
  11 dream sheep
  A tarantella (shapeshifter) (D:13)
  A spriggan (D:7)
  3 water elementals (D:15)
  A vampire (D:6)
  61 yaks
  4 wyverns
  4 basilisks
  6 vampire mosquitoes
  2 hungry ghosts
  Edmund (D:5)
  A soldier ant (D:14)
  2 acid dragons
  18 nagas
  8 porcupines
  8 water moccasins
  51 orc warriors
  3 sky beasts
  6 ice beasts
  3 eyes of draining
  14 ogres
  5 black bears
  4 phantoms
  26 wolves
  12 centaurs
  13 crocodiles
  3 big kobolds
  An elf skeleton (D:7)
  2 gnoll sergeants (D:10)
  22 bullfrogs
  A water moccasin zombie (D:8)
  A wyvern zombie (D:11)
  4 wyvern skeletons
  9 scorpions
  9 killer bees
  5 wights
  4 howler monkeys
  An electric eel (D:15)
  16 crimson imps
  3 bullfrog zombies
  4 centaur zombies
  9 hounds
  3 human zombies (D:7)
  8 jellies
  3 centaur skeletons
  43 orc priests
  20 orc wizards
  2 human skeletons (D:7)
  An iguana (D:4)
  19 worker ants
  A killer bee zombie (D:10)
  3 ogre zombies (Ossuary)
  2 hound zombies
  2 hound skeletons
  7 mummies (Ossuary)
  A worker ant zombie (D:9)
  13 gnolls
  8 adders
  6 shadow imps
  2 oozes (D:1)
  An adder skeleton (D:8)
  7 adder zombies (Ossuary)
  2 worms (D:6)
  5 dart slugs
  5 leopard geckos
  130 orcs
  9 bats
  5 giant cockroaches
  11 goblins
  13 hobgoblins
  21 jackals
  14 kobolds
  6 quokkas
  4 frilled lizards
  4 goblin zombies (Ossuary)
  4 hobgoblin zombies (Ossuary)
  4 kobold zombies (Ossuary)
  A leopard gecko zombie (D:6)
  6 quokka zombies
  8 rats
  A rat zombie (Ossuary)
  A plant (Lair:6)
1038 creatures vanquished.

Vanquished Creatures (collateral kills)
  Harold (Lair:1)
  2 hydras
  A bullfrog (Lair:3)
  An adder (D:2)
5 creatures vanquished.

Vanquished Creatures (others)
  A polar bear (IceCv)
  5 dream sheep (D:5)
  A yak (IceCv)
  A wolf (IceCv)
  11 fungi
  15 plants
34 creatures vanquished.

Grand Total: 1077 creatures vanquished

Notes
Turn   | Place    | Note
-------+----------+-------------------------------------------
     0 | D:1      | Norn the Draconian Transmuter began the quest for the Orb.
     0 | D:1      | Reached XP level 1. HP: 16/16 MP: 3/3
   222 | D:1      | Reached XP level 2. HP: 10/23 MP: 3/5
   230 | D:1      | HP: 1/23 [hobgoblin/+0 club (6)]
   674 | D:1      | You fall through a shaft!
   734 | D:1      | Reached XP level 3. HP: 21/28 MP: 6/6
   742 | D:1      | Learned a level 2 spell: Sticks to Snakes
  2514 | D:2      | Reached XP level 4. HP: 35/35 MP: 5/7
  2739 | D:2      | Reached skill level 5 in Unarmed Combat
  2746 | D:2      | Learned a level 3 spell: Spider Form
  3720 | D:3      | Reached XP level 5. HP: 34/40 MP: 1/8
  4356 | D:3      | Found a glowing silver altar of Zin.
  4674 | D:4      | Reached XP level 6. HP: 38/47 MP: 3/10
  4798 | D:4      | Learned a level 4 spell: Ice Form
  5038 | D:4      | Reached skill level 1 in Ice Magic
  5044 | D:4      | Reached skill level 5 in Transmutations
  5274 | D:4      | Your scales start taking on an icy white colour.
  5274 | D:4      | Reached XP level 7. HP: 52/52 MP: 8/11
  5274 | D:4      | Gained mutation: Your flesh is cold resistant. (rC+) [White
                  | Draconian growth]
  5555 | D:4      | Found a hazy altar of Hepliaklqana.
  5789 | D:5      | Entered Level 5 of the Dungeon
  6744 | D:5      | Noticed a dream sheep
  6744 | D:5      | Noticed a dream sheep
  6744 | D:5      | Noticed a dream sheep
  6744 | D:5      | Noticed a dream sheep
  6744 | D:5      | Noticed a dream sheep
  6744 | D:5      | Found a shimmering altar of Xom.
  6750 | D:5      | Killed a dream sheep
  6750 | D:5      | Killed a dream sheep
  6750 | D:5      | Killed a dream sheep
  6750 | D:5      | Killed a dream sheep
  6750 | D:5      | Killed a dream sheep
  6769 | D:5      | Noticed Edmund
  6968 | D:5      | Killed Edmund
  6968 | D:5      | Reached XP level 8. HP: 49/63 MP: 6/12
  7200 | D:5      | Found a shattered altar of Ashenzari.
  7628 | D:5      | Reached skill level 5 in Ice Magic
  8557 | D:6      | Reached skill level 5 in Fighting
  8902 | D:6      | Reached XP level 9. HP: 74/74 MP: 5/13
  8989 | D:6      | Reached skill level 5 in Dodging
  9417 | D:6      | Found a bloodstained altar of Trog.
 10433 | D:7      | Found a sand-covered staircase.
 10451 | Ossuary  | Entered an ossuary
 11963 | D:7      | Found a staircase to the Ecumenical Temple.
 11971 | Temple   | Entered the Ecumenical Temple
 12080 | Temple   | Became a worshipper of Warmaster Okawaru
 12199 | D:7      | Found a blossoming altar of Fedhas.
 12208 | D:7      | Found an opulent altar of Gozag.
 12288 | D:7      | Reached * piety under Okawaru
 12290 | D:7      | Reached XP level 10. HP: 36/86 MP: 10/14
 14195 | D:8      | Reached ** piety under Okawaru
 15527 | D:9      | Reached *** piety under Okawaru
 15548 | D:9      | Reached skill level 10 in Unarmed Combat
 15907 | D:9      | Found Soutis's Weapon Boutique.
 16099 | D:9      | Reached **** piety under Okawaru
 16274 | D:9      | Reached XP level 11. HP: 76/92 MP: 13/15
 16484 | D:9      | Found a staircase to the Lair.
 16876 | D:9      | Reached skill level 1 in Invocations
 16907 | D:9      | Reached ***** piety under Okawaru
 17391 | D:10     | Entered Level 10 of the Dungeon
 17615 | D:10     | Received a gift from Okawaru
 18602 | D:10     | Reached skill level 5 in Invocations
 19191 | D:10     | Killed an unseen horror
 19282 | D:10     | Found a staircase to the Orcish Mines.
 19675 | D:10     | Reached skill level 5 in Spellcasting
 20113 | Lair:1   | Entered Level 1 of the Lair of Beasts
 20360 | Lair:1   | Noticed Sonja
 20373 | Lair:1   | Killed Sonja
 20373 | Lair:1   | Received a gift from Okawaru
 20752 | Lair:1   | Noticed Nergalle
 20770 | Lair:1   | Killed Nergalle
 20941 | Lair:1   | Reached XP level 12. HP: 81/100 MP: 15/19
 21448 | Lair:1   | Noticed Harold
 21470 | Lair:1   | Killed Harold
 21754 | Lair:2   | Found a staircase to the Snake Pit.
 21754 | Lair:2   | Noticed a catoblepas
 21899 | Lair:1   | Reached skill level 10 in Transmutations
 22918 | Lair:2   | Found a runed translucent door.
 22918 | Lair:2   | Noticed Norn's ghost (journeyman DrTm)
 23066 | Lair:2   | Killed a catoblepas
 23066 | Lair:2   | Reached ****** piety under Okawaru
 23494 | Lair:2   | Received a gift from Okawaru
 24174 | Lair:2   | Got a smoking lajatang {god gift}
 24464 | Lair:1   | Learned a level 5 spell: Blade Hands
 25206 | Lair:3   | Noticed Snorg
 25216 | Lair:3   | Killed Snorg
 25216 | Lair:3   | Received a gift from Okawaru
 26239 | Lair:3   | Found a staircase to the Shoals.
 26938 | Lair:4   | Noticed Urug
 26964 | Lair:4   | Reached XP level 13. HP: 77/110 MP: 20/25
 26974 | Lair:4   | Killed Urug
 28185 | Lair:5   | Got a warped war axe
 28687 | Lair:5   | Identified the +2 lajatang of the Solstice {speed, Str+3
                  | Int+4 Stlth+} (Okawaru gifted it to you on level 2 of the
                  | Lair of Beasts)
 28688 | Lair:5   | Identified the +2 war axe of Soqisehy {chop, rF- Str+4
                  | Int+5} (You found it on level 5 of the Lair of Beasts)
 28918 | Lair:5   | Received a gift from Okawaru
 30261 | Lair:6   | Entered Level 6 of the Lair of Beasts
 30268 | Lair:5   | Reached skill level 10 in Fighting
 31128 | Lair:5   | Reached skill level 10 in Spellcasting
 33005 | Lair:6   | Received a gift from Okawaru
 33175 | Lair:6   | Found a staircase to the Slime Pits.
 33228 | Lair:6   | Reached XP level 14. HP: 85/122 MP: 28/28
 33613 | Lair:6   | Reached skill level 10 in Dodging
 34473 | Lair:6   | Got an ivory arbalest
 34482 | Lair:6   | Identified the +6 arbalest of Darkness {freeze, Dex+3} (You
                  | found it on level 6 of the Lair of Beasts)
 34485 | Lair:6   | Identified a scroll of acquirement
 34496 | Lair:6   | Learned a level 2 spell: Blink
 35138 | D:11     | Reached skill level 1 in Translocations
 35220 | D:11     | Received a gift from Okawaru
 35221 | D:11     | Found the +13 scythe of Curses {drain, *Curse}
 35262 | D:11     | Found a roughly hewn altar of Beogh.
 35961 | D:12     | Reached skill level 5 in Translocations
 36176 | D:12     | Found a burning altar of Makhleb.
 37418 | D:12     | Learned a level 1 spell: Apportation
 37421 | D:12     | Learned a level 2 spell: Song of Slaying
 37425 | D:12     | Learned a level 3 spell: Regeneration
 38047 | D:13     | Received a gift from Okawaru
 38106 | D:13     | Found a shadowy altar of Dithmenos.
 38535 | D:14     | Found a white marble altar of Elyvilon.
 39977 | D:14     | Found a gate to the Vaults.
 40065 | D:14     | Reached XP level 15. HP: 29/134 MP: 27/29
 41352 | D:14     | Received a gift from Okawaru
 42264 | D:14     | Noticed Jorgrun
 42281 | D:14     | Killed Jorgrun
 42565 | D:14     | Found a gate to the Vaults.
 42699 | D:14     | Found a white marble altar of Elyvilon.
 43112 | D:15     | Entered Level 15 of the Dungeon
 45638 | D:15     | Found a staircase to the Depths.
 46028 | Orc:1    | Entered Level 1 of the Orcish Mines
 46034 | Orc:1    | Received a gift from Okawaru
 46048 | Orc:1    | Identified the +0 pair of gloves "Wyotuicw" {*Drain rN+
                  | Regen+} (Okawaru gifted it to you on level 1 of the Orcish
                  | Mines)
 46417 | Orc:1    | Found a roughly hewn altar of Beogh.
 46815 | Orc:2    | Entered Level 2 of the Orcish Mines
 46832 | Orc:2    | Found a staircase to the Elven Halls.
 46843 | Orc:2    | Found a runed translucent door.
 46847 | Orc:2    | Found the +10 large shield of Ignorance {rN+ Int-4}
 46880 | Orc:2    | Found a frozen archway.
 46889 | IceCv    | Entered an ice cave
 47168 | IceCv    | Identified the ring of Curiosity {rF+++ rC++ EV+3 Str-3
                  | Stlth+} (You found it in an ice cave)
 47762 | IceCv    | Noticed a frost giant
 47785 | IceCv    | Killed a frost giant
 48345 | Orc:2    | Found a runed translucent door.
 48480 | Orc:2    | Reached XP level 16. HP: 86/146 MP: 30/30
 49597 | Orc:2    | Received a gift from Okawaru
 49621 | Orc:2    | Noticed Rupert
 49644 | Orc:2    | Paralysed by Rupert for 4 turns
 50058 | Orc:2    | Killed Rupert
 50433 | Orc:2    | Found Foerchu's Antique Armour Emporium.
 50436 | Orc:2    | Found Bacaes's Food Emporium.
 50437 | Orc:2    | Found Hajydais's Food Emporium.
 50438 | Orc:2    | Found Itweceg's Gadget Shoppe.
 50446 | Orc:2    | Bought a wand of acid (9) for 390 gold pieces
 50446 | Orc:2    | Bought a wand of digging (8) for 360 gold pieces
 50617 | Snake:1  | Entered Level 1 of the Snake Pit
 51548 | Lair:2   | Killed Norn's ghost
 51856 | Snake:1  | Found Wuyw's Gadget Shoppe.
 51856 | Snake:1  | Found Lusul's Jewellery Emporium.
 51901 | Snake:1  | Received a gift from Okawaru
 51904 | Snake:1  | Got a transparent hat {god gift}
 51907 | Snake:1  | Identified the +0 hat "Ixasel" {+Fly rF++ Regen+ Slay+2}
                  | (Okawaru gifted it to you on level 1 of the Snake Pit)
 52491 | Snake:1  | Found Puwn's Weapon Emporium.
 52492 | Snake:1  | Found Sonifail's Book Shoppe.
 52512 | Snake:1  | Bought an uncursed ring of protection from magic for 375
                  | gold pieces
 53199 | Snake:1  | Identified the +5 great sword of the Crawling Thing {slice,
                  | rPois Int+4 Dex+5 Stlth+} (You found it on level 1 of the
                  | Snake Pit)
 53310 | Snake:1  | Found a blossoming altar of Fedhas.
 54130 | Snake:2  | Reached skill level 15 in Fighting
 54149 | Snake:2  | Reached skill level 15 in Unarmed Combat
 54513 | Snake:1  | Bought the Papyrus of Feathery Boosts for 1020 gold pieces
 54517 | Snake:1  | Learned a level 3 spell: Ozocubu's Armour
 54925 | Snake:2  | Reached skill level 1 in Charms
 55999 | Snake:2  | Received a gift from Okawaru
 56649 | Snake:2  | Got a fine triple sword {god gift}
 57620 | Snake:3  | Noticed Vashnia
 58249 | Snake:3  | HP: 7/178 [naga sharpshooter/bolt (31)]
 58252 | Snake:3  | Shot with a bolt by a naga sharpshooter

Skill      XL: |  1  2  3  4  5  6  7  8  9 10 11 12 13 14 15 16 |
---------------+-------------------------------------------------+-----
Unarmed Combat | 4 5 10 11 12 14 15 | 15.0
Transmutations | 3 4 5 6 8 9 10 | 10.1
Spellcasting   | 3 5 8 10 | 10.0
Ice Magic      | 2 4 5 7 |  7.0
Dodging        | 2 4 7 8 9 11 12 13 | 13.7
Fighting       | 3 5 7 8 10 12 14 15 | 15.0
Invocations    | 7 |  7.0
Translocations | 5 |  5.0
Charms         | 4 |  4.8

Action                   |  1- 3 |  4- 6 |  7- 9 | 10-12 | 13-15 | 16-18 || total
-------------------------+-------+-------+-------+-------+-------+-------++-------
Melee: Unarmed           |   120 |   209 |   676 |   881 |  1076 |   465 ||  3427
       Kick              |     7 |     2 |     3 |       |       |       ||    12
       Punch             |     3 |     1 |     7 |     4 |    35 |    22 ||    72
       Tailslap          |    13 |     9 |    34 |    17 |   120 |    44 ||   237
       Headbutt          |     3 |     3 |       |       |       |       ||     6
 Cast: Beastly Appendage |    26 |     6 |     1 |     3 |       |       ||    36
       Sticks to Snakes  |     2 |     2 |     7 |    12 |    20 |     4 ||    47
       Spider Form       |       |    13 |    47 |    63 |       |       ||   123
       Ice Form          |       |       |     3 |    24 |    11 |     7 ||    45
       Blade Hands       |       |       |       |    10 |   127 |    63 ||   200
       Ozocubu's Armour  |       |       |       |       |       |     9 ||     9
Invok: Heroism           |       |       |       |     1 |       |       ||     1
 Abil: End Transformatio |       |       |       |     6 |     6 |     6 ||    18
       Breathe Frost     |       |       |       |       |     1 |       ||     1
Evoke: Wand              |       |       |     1 |     2 |     2 |       ||     5
  Use: Potion            |       |     1 |     1 |       |       |     7 ||     9
       Scroll            |       |       |    10 |     8 |    27 |    10 ||    55
 Stab: Distracted        |       |       |     1 |     3 |     2 |     2 ||     8
       Paralysed         |       |       |    10 |     3 |       |       ||    13
       Sleeping          |       |       |     3 |       |       |     2 ||     5
       Petrified         |       |       |       |       |     4 |       ||     4
  Eat: Chunk             |     5 |     9 |    25 |    46 |    70 |    12 ||   167
       Ration            |       |     1 |     1 |     4 |     8 |    10 ||    24
Armor: Skin              |    38 |    44 |    80 |    93 |   269 |    74 ||   598
Dodge: Dodged            |    73 |   151 |   476 |   737 |   871 |   427 ||  2735
